[ AOE2 MATCH · #471211652 ]
UnrankedWu vs Malay
[ REPLAY ANALYSIS · EXTRACTED FROM THE RECORDED GAME ]
Feudal
12:20
Castle
15:57
Imperial
—
| APM avg | 32.2 |
| APM peak | 60 |
| eAPM avg | 19.5 |
| Villagers / military | 45 / 3 |
Focus
⚔️ 34.3% · 🌾 65.7%
Unknown (1974) ×25 · Fishing Ship ×22 · Monk ×1 · Fire Galley ×1 · Transport Ship ×1
Feudal
9:01
Castle
18:58
Imperial
—
| APM avg | 57.8 |
| APM peak | 88 |
| eAPM avg | 17.8 |
| Villagers / military | 36 / 27 |
Focus
⚔️ 37.2% · 🌾 62.8%
Galley ×26 · Fishing Ship ×15 · Transport Ship ×1
Feudal
10:15
Castle
18:59
Imperial
—
| APM avg | 38.8 |
| APM peak | 68 |
| eAPM avg | 25.3 |
| Villagers / military | 54 / 30 |
Focus
⚔️ 31.0% · 🌾 69.0%
Fishing Ship ×25 · Fire Galley ×24 · Unknown (2626) ×8 · Demolition Raft ×5 · Galley ×1
Feudal
12:18
Castle
15:58
Imperial
—
| APM avg | 42.8 |
| APM peak | 91 |
| eAPM avg | 21.6 |
| Villagers / military | 48 / 18 |
Focus
⚔️ 35.3% · 🌾 64.7%
Fishing Ship ×19 · Kamayuk ×13 · Spearman ×3 · Battering Ram ×2 · Unknown (2626) ×2
Feudal
10:54
Castle
16:57
Imperial
—
| APM avg | 44.4 |
| APM peak | 83 |
| eAPM avg | 22.3 |
| Villagers / military | 47 / 17 |
Focus
⚔️ 35.8% · 🌾 64.2%
Galley ×17 · Fishing Ship ×14 · Unknown (2626) ×9
Feudal
10:37
Castle
17:54
Imperial
—
| APM avg | 39.7 |
| APM peak | 73 |
| eAPM avg | 21.2 |
| Villagers / military | 39 / 24 |
Focus
⚔️ 40.1% · 🌾 59.9%
Galley ×24 · Unknown (2626) ×12 · Fishing Ship ×11
Feudal
11:18
Castle
21:04
Imperial
—
| APM avg | 43.2 |
| APM peak | 78 |
| eAPM avg | 20.2 |
| Villagers / military | 34 / 8 |
Focus
⚔️ 40.1% · 🌾 59.9%
Fishing Ship ×10 · Scout Cavalry ×8
Feudal
9:58
Castle
21:02
Imperial
—
| APM avg | 25.0 |
| APM peak | 48 |
| eAPM avg | 12.4 |
| Villagers / military | 37 / 3 |
Focus
⚔️ 32.7% · 🌾 67.3%
Fishing Ship ×11 · Organ Gun ×3 · Unknown (2626) ×1
Match map
Initial resources + every placement click. Lines = walls · curves = elevation contours. ◆ gold · ⬟ stone · ● berries · ✦ relic · ◌ wall gap
Inputs per minute
— 2KM1 - - YouAreNotAlone_
Build order — 2KM1
First 150 of 178 actions detected
| 0:40 | Build | House |
| 1:04 | Build | Dock |
| 1:45 | Create | Fishing Ship |
| 1:56 | Build | Town Center |
| 2:50 | Create | Villager (Male) |
| 2:50 | Create | Villager (Male) |
| 2:51 | Create | Villager (Male) |
| 2:51 | Create | Villager (Male) |
| 2:51 | Create | Villager (Male) |
| 3:07 | Create | Fishing Ship |
| 3:08 | Create | Fishing Ship |
| 3:16 | Build | House |
| 3:43 | Create | Fishing Ship |
| 4:05 | Create | Villager (Male) |
| 4:18 | Build | House |
| 4:34 | Create | Fishing Ship |
| 4:34 | Create | Fishing Ship |
| 5:06 | Create | Villager (Male) |
| 5:07 | Create | Fishing Ship |
| 5:40 | Create | Fishing Ship |
| 5:42 | Create | Villager (Male) |
| 5:48 | Build | House |
| 5:57 | Create | Fishing Ship |
| 5:58 | Create | Villager (Male) |
| 6:21 | Create | Villager (Male) |
| 6:22 | Create | Villager (Male) |
| 6:23 | Create | Fishing Ship |
| 6:34 | Build | House |
| 6:38 | Build | Palisade Wall |
| 7:11 | Create | Villager (Male) |
| 7:20 | Build | Lumber Camp |
| 7:29 | Create | Fishing Ship |
| 7:52 | Create | Villager (Male) |
| 8:03 | Create | Fishing Ship |
| 8:10 | Build | House |
| 8:16 | Create | Villager (Male) |
| 8:20 | Create | Fishing Ship |
| 8:44 | Create | Villager (Male) |
| 9:14 | Create | Villager (Male) |
| 9:17 | Build | Mill |
| 9:35 | Build | Dock |
| 9:43 | Create | Villager (Male) |
| 10:10 | Research | Feudal Age |
| 10:58 | Build | Barracks |
| 11:01 | Build | Palisade Gate |
| 11:03 | Build | Palisade Wall |
| 11:10 | Create | Villager (Male) |
| 11:10 | Create | Villager (Male) |
| 11:22 | Build | House |
| 11:25 | Create | Fishing Ship |
| 11:26 | Create | Fishing Ship |
| 11:31 | Build | House |
| 11:33 | Build | House |
| 12:17 | Create | Transport Ship |
| 12:20 | Age | Feudal Age |
| 12:26 | Build | Market |
| 12:28 | Build | Blacksmith |
| 12:33 | Build | House |
| 12:39 | Research | Double-Bit Axe |
| 13:08 | Build | Barracks |
| 13:17 | Research | Castle Age |
| 13:18 | Research | Castle Age |
| 13:21 | Build | House |
| 13:22 | Build | House |
| 13:24 | Build | Palisade Wall |
| 13:34 | Research | Scale Mail Armor |
| 13:35 | Research | Double-Bit Axe |
| 13:36 | Research | Tech 906 |
| 13:37 | Research | Tech 906 |
| 14:04 | Create | Fishing Ship |
| 14:04 | Create | Fishing Ship |
| 14:18 | Build | Mining Camp |
| 14:24 | Build | Palisade Wall |
| 14:48 | Build | House |
| 14:49 | Create | Fishing Ship |
| 14:49 | Create | Fishing Ship |
| 14:55 | Research | Gold Mining |
| 14:56 | Research | Gold Mining |
| 15:01 | Build | House |
| 15:20 | Build | House |
| 15:27 | Build | Palisade Wall |
| 15:30 | Build | Stone Wall |
| 15:35 | Create | Villager (Male) |
| 15:39 | Build | House |
| 15:42 | Build | Stone Wall |
| 15:49 | Create | Villager (Male) |
| 15:57 | Age | Castle Age |
| 16:00 | Create | Unit 1974 |
| 16:00 | Create | Unit 1974 |
| 16:03 | Research | Bow Saw |
| 16:04 | Research | Gillnets |
| 16:04 | Research | Gillnets |
| 16:26 | Build | Dock |
| 16:32 | Create | Unit 1974 |
| 16:33 | Create | Unit 1974 |
| 16:34 | Create | Villager (Male) |
| 16:53 | Create | Unit 1974 |
| 16:53 | Create | Unit 1974 |
| 16:56 | Research | Chain Mail Armor |
| 16:58 | Create | Villager (Male) |
| 17:14 | Build | House |
| 17:16 | Build | House |
| 17:23 | Create | Unit 1974 |
| 17:23 | Create | Unit 1974 |
| 17:33 | Create | Unit 1974 |
| 17:34 | Create | Unit 1974 |
| 17:43 | Create | Villager (Male) |
| 17:46 | Research | Loom |
| 17:57 | Build | Town Center |
| 18:12 | Create | Unit 1974 |
| 18:12 | Create | Unit 1974 |
| 18:23 | Create | Fishing Ship |
| 18:27 | Create | Fishing Ship |
| 18:29 | Create | Fishing Ship |
| 18:40 | Research | Arson |
| 18:40 | Research | Squires |
| 18:40 | Research | Squires |
| 18:48 | Create | Unit 1974 |
| 18:48 | Create | Unit 1974 |
| 19:05 | Create | Villager (Male) |
| 19:14 | Create | Monk |
| 19:17 | Create | Unit 1974 |
| 19:38 | Research | Forging |
| 19:38 | Research | Forging |
| 19:48 | Create | Fire Galley |
| 19:50 | Create | Villager (Male) |
| 19:51 | Create | Villager (Male) |
| 19:52 | Create | Unit 1974 |
| 19:52 | Create | Unit 1974 |
| 19:53 | Create | Villager (Male) |
| 20:18 | Create | Unit 1974 |
| 20:18 | Create | Unit 1974 |
| 20:19 | Create | Villager (Male) |
| 20:21 | Create | Villager (Male) |
| 20:21 | Create | Villager (Male) |
| 20:21 | Create | Villager (Male) |
| 20:26 | Research | Horse Collar |
| 20:26 | Research | Horse Collar |
| 20:28 | Build | Farm |
| 20:32 | Build | Farm |
| 20:32 | Build | Farm |
| 20:32 | Build | Farm |
| 20:33 | Build | Farm |
| 20:33 | Build | Farm |
| 20:41 | Create | Unit 1974 |
| 20:42 | Create | Villager (Male) |
| 21:09 | Create | Unit 1974 |
| 21:09 | Create | Unit 1974 |
| 21:10 | Create | Villager (Male) |
| 21:18 | Build | Town Center |
Build order — YouAreNotAlone_
104 actions detected in the replay
| 0:09 | Build | House |
| 0:11 | Build | House |
| 0:25 | Build | Dock |
| 1:45 | Build | Town Center |
| 2:06 | Create | Fishing Ship |
| 2:41 | Create | Villager (Male) |
| 2:41 | Create | Villager (Male) |
| 2:42 | Create | Villager (Male) |
| 2:42 | Create | Villager (Male) |
| 3:06 | Create | Fishing Ship |
| 3:06 | Create | Fishing Ship |
| 3:14 | Create | Villager (Male) |
| 3:14 | Create | Villager (Male) |
| 3:47 | Create | Villager (Male) |
| 3:48 | Create | Villager (Male) |
| 3:55 | Create | Fishing Ship |
| 4:21 | Create | Villager (Male) |
| 4:21 | Create | Villager (Male) |
| 4:29 | Build | House |
| 5:01 | Create | Villager (Male) |
| 5:20 | Create | Villager (Male) |
| 5:25 | Create | Fishing Ship |
| 5:56 | Build | House |
| 6:03 | Research | Loom |
| 6:26 | Build | Mining Camp |
| 6:51 | Research | Feudal Age |
| 6:52 | Research | Feudal Age |
| 6:56 | Build | Lumber Camp |
| 7:18 | Create | Fishing Ship |
| 7:24 | Create | Villager (Male) |
| 7:39 | Build | House |
| 8:04 | Build | Dock |
| 8:13 | Create | Villager (Male) |
| 8:43 | Build | Palisade Wall |
| 8:50 | Build | House |
| 9:01 | Age | Feudal Age |
| 9:06 | Create | Villager (Male) |
| 9:09 | Research | Double-Bit Axe |
| 9:09 | Research | Double-Bit Axe |
| 9:14 | Create | Galley ×3 |
| 9:18 | Build | Dock |
| 9:39 | Build | Palisade Wall |
| 9:47 | Build | Palisade Wall |
| 9:51 | Create | Villager (Male) |
| 9:58 | Create | Galley |
| 10:01 | Create | Galley |
| 10:04 | Create | Villager (Male) |
| 10:24 | Build | House |
| 10:30 | Build | House |
| 10:36 | Create | Villager (Male) |
| 10:43 | Create | Galley ×2 |
| 10:53 | Create | Galley |
| 11:18 | Create | Villager (Male) |
| 11:24 | Build | Blacksmith |
| 11:56 | Create | Galley ×2 |
| 12:01 | Research | Fletching |
| 12:14 | Create | Galley |
| 12:15 | Create | Villager (Male) |
| 12:32 | Create | Villager (Male) |
| 12:36 | Build | Mill |
| 12:44 | Build | House |
| 12:52 | Create | Villager (Male) |
| 13:05 | Create | Villager (Male) |
| 13:38 | Create | Galley ×3 |
| 14:26 | Create | Villager (Male) |
| 14:35 | Create | Villager (Male) |
| 14:41 | Build | Market |
| 15:09 | Create | Villager (Male) |
| 15:27 | Create | Galley ×3 |
| 16:18 | Research | Castle Age |
| 16:18 | Research | Castle Age |
| 16:28 | Create | Galley |
| 16:53 | Research | Gold Mining |
| 16:54 | Research | Gold Mining |
| 17:22 | Research | Horse Collar |
| 17:38 | Create | Galley ×4 |
| 18:09 | Create | Villager (Male) |
| 18:16 | Build | Dock |
| 18:28 | Create | Transport Ship |
| 18:35 | Build | House |
| 18:37 | Build | House |
| 18:58 | Age | Castle Age |
| 19:27 | Research | War Galley (upgrade) |
| 19:31 | Create | Villager (Male) |
| 19:38 | Create | Fishing Ship ×5 |
| 19:40 | Create | Fishing Ship |
| 19:40 | Create | Fishing Ship |
| 19:44 | Create | Villager (Male) |
| 19:47 | Build | House |
| 20:09 | Research | Wheelbarrow |
| 20:13 | Create | Villager (Male) |
| 20:45 | Create | Villager (Male) |
| 20:52 | Build | Town Center |
| 21:00 | Create | Fishing Ship ×2 |
| 21:57 | Create | Galley ×2 |
| 22:11 | Create | Villager (Male) |
| 22:13 | Create | Villager (Male) |
| 22:24 | Research | Wheelbarrow |
| 22:33 | Create | Galley ×2 |
| 22:34 | Create | Villager (Male) |
| 22:43 | Build | Farm |
| 22:44 | Build | Farm |
| 23:07 | Create | Villager (Male) |
| 23:08 | Create | Villager (Male) |
Build order — Puerco_Black
First 150 of 156 actions detected
| 0:35 | Build | House |
| 1:37 | Build | Town Center |
| 1:49 | Build | Dock |
| 2:01 | Build | House |
| 2:36 | Create | Villager (Male) |
| 2:37 | Create | Villager (Male) |
| 2:37 | Create | Villager (Male) |
| 2:44 | Create | Villager (Male) |
| 3:04 | Create | Fishing Ship |
| 3:04 | Create | Fishing Ship |
| 3:28 | Create | Fishing Ship |
| 3:38 | Build | House |
| 3:49 | Create | Fishing Ship |
| 4:33 | Create | Villager (Male) |
| 4:33 | Create | Villager (Male) |
| 5:00 | Build | Dock |
| 5:04 | Create | Fishing Ship |
| 5:08 | Create | Villager (Male) |
| 5:08 | Create | Villager (Male) |
| 5:18 | Build | House |
| 5:25 | Create | Fishing Ship |
| 5:25 | Create | Fishing Ship |
| 5:39 | Create | Villager (Male) |
| 5:39 | Create | Villager (Male) |
| 5:44 | Create | Fishing Ship |
| 5:59 | Create | Fishing Ship |
| 6:00 | Create | Villager (Male) |
| 6:01 | Create | Villager (Male) |
| 6:22 | Create | Fishing Ship |
| 6:22 | Create | Fishing Ship |
| 6:28 | Create | Villager (Male) |
| 6:45 | Create | Fishing Ship |
| 6:45 | Create | Fishing Ship |
| 6:54 | Build | House |
| 7:05 | Create | Fishing Ship |
| 7:05 | Create | Fishing Ship |
| 7:07 | Create | Villager (Male) |
| 7:08 | Create | Villager (Male) |
| 7:08 | Create | Villager (Male) |
| 7:15 | Research | Loom |
| 7:37 | Create | Villager (Male) |
| 7:44 | Create | Villager (Male) |
| 7:46 | Create | Fishing Ship |
| 7:52 | Build | House |
| 8:00 | Create | Fishing Ship |
| 8:09 | Create | Fishing Ship |
| 8:12 | Create | Villager (Male) |
| 8:26 | Build | House |
| 8:50 | Build | Dock |
| 8:55 | Create | Fishing Ship |
| 8:57 | Research | Feudal Age |
| 8:57 | Research | Feudal Age |
| 8:58 | Create | Fishing Ship |
| 8:59 | Create | Fishing Ship |
| 8:59 | Create | Fishing Ship |
| 9:24 | Build | Dock |
| 9:38 | Build | House |
| 9:57 | Create | Fishing Ship |
| 10:10 | Create | Fishing Ship |
| 10:15 | Age | Feudal Age |
| 10:22 | Create | Fire Galley |
| 10:22 | Create | Fire Galley |
| 10:28 | Create | Villager (Male) |
| 10:30 | Create | Villager (Male) |
| 10:38 | Create | Fire Galley |
| 10:39 | Create | Fire Galley |
| 10:41 | Create | Villager (Male) |
| 10:51 | Research | Double-Bit Axe |
| 10:51 | Research | Double-Bit Axe |
| 10:52 | Create | Villager (Male) |
| 11:06 | Create | Fire Galley |
| 11:06 | Create | Fire Galley |
| 11:11 | Create | Villager (Male) |
| 11:23 | Create | Villager (Male) |
| 11:35 | Create | Fire Galley |
| 11:40 | Create | Villager (Male) |
| 11:51 | Create | Unit 2626 |
| 11:52 | Create | Unit 2626 |
| 12:01 | Create | Villager (Male) |
| 12:14 | Create | Unit 2626 |
| 12:14 | Create | Unit 2626 |
| 12:47 | Create | Unit 2626 |
| 12:48 | Create | Unit 2626 |
| 12:49 | Create | Villager (Male) |
| 12:49 | Create | Villager (Male) |
| 12:55 | Build | House |
| 12:57 | Build | House |
| 12:58 | Create | Villager (Male) |
| 13:08 | Build | Mill |
| 13:10 | Create | Villager (Male) |
| 13:18 | Build | House |
| 13:18 | Build | House |
| 13:40 | Create | Villager (Male) |
| 13:48 | Create | Demolition Raft |
| 13:52 | Create | Villager (Male) |
| 14:12 | Build | House |
| 14:14 | Build | House |
| 14:26 | Create | Demolition Raft |
| 14:43 | Create | Fishing Ship |
| 14:52 | Build | Blacksmith |
| 14:54 | Create | Villager (Male) |
| 15:46 | Create | Unit 2626 |
| 15:47 | Create | Unit 2626 |
| 15:47 | Create | Villager (Male) |
| 15:47 | Create | Villager (Male) |
| 15:49 | Create | Villager (Male) |
| 16:04 | Build | Market |
| 16:25 | Create | Fire Galley |
| 16:25 | Create | Fire Galley |
| 16:35 | Create | Villager (Male) |
| 17:17 | Research | Castle Age |
| 17:18 | Research | Castle Age |
| 17:22 | Build | Lumber Camp |
| 17:32 | Create | Demolition Raft |
| 17:37 | Create | Galley |
| 17:44 | Create | Fire Galley |
| 18:01 | Create | Demolition Raft |
| 18:07 | Create | Fire Galley |
| 18:28 | Build | House |
| 18:35 | Create | Demolition Raft |
| 18:59 | Age | Castle Age |
| 19:02 | Research | Tech 905 |
| 19:03 | Research | Tech 905 |
| 19:05 | Create | Fire Galley |
| 19:05 | Create | Fire Galley |
| 19:06 | Create | Villager (Male) |
| 19:15 | Create | Fire Galley |
| 19:15 | Create | Fire Galley |
| 19:22 | Create | Villager (Male) |
| 19:22 | Create | Villager (Male) |
| 19:30 | Create | Fire Galley |
| 19:39 | Research | War Galley (upgrade) |
| 19:40 | Research | War Galley (upgrade) |
| 19:46 | Create | Villager (Male) |
| 19:53 | Build | Town Center |
| 19:55 | Create | Villager (Male) |
| 20:10 | Create | Villager (Male) |
| 20:17 | Build | Palisade Wall |
| 20:21 | Create | Villager (Male) |
| 20:21 | Create | Villager (Male) |
| 20:37 | Create | Fire Galley |
| 20:55 | Create | Villager (Male) |
| 20:55 | Create | Villager (Male) |
| 21:07 | Create | Villager (Male) |
| 21:07 | Create | Villager (Male) |
| 21:15 | Create | Fire Galley |
| 21:16 | Create | Fire Galley |
| 21:16 | Create | Fire Galley |
| 21:17 | Create | Villager (Male) |
| 21:17 | Create | Villager (Male) |
Build order — Lolokoil
148 actions detected in the replay
| 0:25 | Build | Dock |
| 1:20 | Build | Town Center |
| 1:53 | Build | House |
| 2:00 | Create | Fishing Ship |
| 2:00 | Create | Fishing Ship |
| 2:09 | Build | House |
| 2:15 | Create | Villager (Male) |
| 2:16 | Create | Villager (Male) |
| 2:16 | Create | Villager (Male) |
| 2:16 | Create | Villager (Male) |
| 2:16 | Create | Villager (Male) |
| 2:19 | Research | Loom |
| 2:19 | Create | Villager (Male) |
| 2:27 | Create | Villager (Male) |
| 2:27 | Create | Villager (Male) |
| 2:27 | Create | Villager (Male) |
| 2:28 | Create | Villager (Male) |
| 3:10 | Build | Palisade Wall |
| 3:11 | Build | Palisade Wall |
| 3:13 | Build | Palisade Wall |
| 3:14 | Build | Palisade Wall |
| 3:15 | Build | Palisade Wall |
| 3:17 | Build | Palisade Wall |
| 3:18 | Build | Palisade Wall |
| 3:34 | Create | Villager (Male) |
| 3:34 | Create | Villager (Male) |
| 3:35 | Create | Villager (Male) |
| 3:58 | Build | Palisade Wall |
| 4:34 | Create | Villager (Male) |
| 4:35 | Create | Villager (Male) |
| 4:48 | Create | Fishing Ship |
| 4:48 | Create | Fishing Ship |
| 4:48 | Create | Fishing Ship |
| 5:10 | Create | Villager (Male) |
| 5:10 | Create | Villager (Male) |
| 5:32 | Build | Dock |
| 5:39 | Create | Villager (Male) |
| 5:39 | Create | Villager (Male) |
| 5:52 | Create | Fishing Ship |
| 5:52 | Create | Fishing Ship |
| 6:11 | Create | Villager (Male) |
| 6:15 | Build | House |
| 6:16 | Build | House |
| 6:29 | Build | Settlement |
| 6:39 | Create | Villager (Male) |
| 7:12 | Create | Villager (Male) |
| 7:13 | Create | Fishing Ship |
| 7:13 | Create | Fishing Ship |
| 7:32 | Create | Villager (Male) |
| 7:49 | Create | Fishing Ship |
| 7:50 | Create | Fishing Ship |
| 7:52 | Create | Villager (Male) |
| 8:10 | Create | Fishing Ship |
| 8:10 | Create | Fishing Ship |
| 8:12 | Create | Villager (Male) |
| 8:37 | Create | Villager (Male) |
| 8:51 | Create | Fishing Ship |
| 8:52 | Create | Fishing Ship |
| 8:52 | Create | Fishing Ship |
| 8:53 | Create | Fishing Ship |
| 8:57 | Create | Villager (Male) |
| 8:58 | Create | Villager (Male) |
| 9:32 | Build | Settlement |
| 9:39 | Research | Feudal Age |
| 10:38 | Build | Palisade Wall |
| 10:41 | Create | Fishing Ship |
| 10:41 | Create | Fishing Ship |
| 11:02 | Build | Palisade Wall |
| 12:18 | Age | Feudal Age |
| 12:23 | Build | Market |
| 12:26 | Build | Blacksmith |
| 12:28 | Create | Villager (Male) |
| 12:28 | Create | Villager (Male) |
| 12:33 | Create | Unit 2626 |
| 12:35 | Create | Unit 2626 |
| 13:11 | Build | Settlement |
| 13:17 | Research | Castle Age |
| 13:17 | Research | Castle Age |
| 13:34 | Build | Palisade Wall |
| 13:49 | Build | Palisade Wall |
| 13:56 | Research | Double-Bit Axe |
| 14:13 | Create | Villager (Male) |
| 14:13 | Create | Villager (Male) |
| 14:21 | Build | Outpost |
| 14:47 | Build | Palisade Wall |
| 14:50 | Build | Palisade Wall |
| 14:55 | Build | Barracks |
| 15:24 | Build | House |
| 15:29 | Build | Palisade Wall |
| 15:30 | Build | Palisade Wall |
| 15:32 | Build | Palisade Wall |
| 15:40 | Create | Villager (Male) |
| 15:43 | Create | Spearman |
| 15:43 | Create | Spearman |
| 15:46 | Build | Palisade Wall |
| 15:52 | Build | Palisade Wall |
| 15:53 | Build | Palisade Wall |
| 15:58 | Age | Castle Age |
| 16:09 | Create | Villager (Male) |
| 16:11 | Create | Spearman |
| 16:43 | Build | Castle |
| 16:52 | Create | Villager (Male) |
| 17:45 | Create | Kamayuk |
| 18:10 | Create | Kamayuk |
| 18:10 | Create | Kamayuk |
| 18:19 | Build | Siege Workshop |
| 18:19 | Build | Palisade Wall |
| 18:21 | Build | Palisade Wall |
| 18:22 | Build | Palisade Wall |
| 18:29 | Create | Villager (Male) |
| 18:29 | Create | Villager (Male) |
| 18:32 | Create | Kamayuk |
| 18:32 | Create | Kamayuk |
| 18:33 | Research | Scale Mail Armor |
| 18:39 | Create | Kamayuk |
| 18:51 | Create | Villager (Male) |
| 19:06 | Create | Villager (Male) |
| 19:09 | Research | Gold Mining |
| 19:19 | Create | Villager (Male) |
| 19:22 | Create | Villager (Male) |
| 19:27 | Create | Kamayuk |
| 19:37 | Create | Battering Ram |
| 19:41 | Create | Villager (Male) |
| 19:58 | Create | Villager (Male) |
| 20:18 | Create | Villager (Male) |
| 20:24 | Research | Chain Mail Armor |
| 20:25 | Create | Kamayuk |
| 20:25 | Create | Kamayuk |
| 20:34 | Build | Palisade Wall |
| 20:37 | Build | Palisade Wall |
| 20:39 | Build | Palisade Wall |
| 20:43 | Build | Palisade Wall |
| 20:44 | Build | Palisade Wall |
| 20:56 | Create | Villager (Male) |
| 20:59 | Create | Kamayuk |
| 21:27 | Create | Battering Ram |
| 21:31 | Create | Kamayuk |
| 21:32 | Create | Villager (Male) |
| 21:50 | Create | Kamayuk |
| 21:50 | Create | Kamayuk |
| 21:59 | Create | Villager (Male) |
| 22:02 | Build | Farm |
| 22:20 | Build | Outpost |
| 22:21 | Research | Town Watch |
| 22:36 | Create | Villager (Male) |
| 22:39 | Build | Settlement |
| 22:56 | Build | Outpost |
| 23:06 | Research | Bow Saw |
Build order — [KOF] alexisosunag
150 actions detected in the replay
| 0:09 | Build | Dock |
| 0:49 | Build | House |
| 1:46 | Create | Fishing Ship |
| 1:53 | Build | House |
| 2:15 | Build | Town Center |
| 2:30 | Create | Fishing Ship |
| 3:17 | Create | Villager (Male) |
| 3:17 | Create | Villager (Male) |
| 3:17 | Create | Villager (Male) |
| 3:46 | Create | Fishing Ship |
| 3:46 | Create | Fishing Ship |
| 4:09 | Create | Fishing Ship |
| 4:09 | Create | Fishing Ship |
| 4:22 | Build | House |
| 4:26 | Create | Villager (Male) |
| 4:39 | Create | Villager (Male) |
| 4:44 | Create | Fishing Ship |
| 5:09 | Build | Mill |
| 5:15 | Build | Mill |
| 5:17 | Create | Villager (Male) |
| 5:21 | Create | Fishing Ship |
| 5:26 | Build | House |
| 5:51 | Create | Villager (Male) |
| 5:52 | Create | Villager (Male) |
| 5:52 | Create | Villager (Male) |
| 5:55 | Create | Fishing Ship |
| 6:29 | Create | Villager (Male) |
| 6:29 | Create | Villager (Male) |
| 6:29 | Create | Villager (Male) |
| 6:29 | Create | Villager (Male) |
| 6:29 | Create | Villager (Male) |
| 6:46 | Build | Dock |
| 7:24 | Create | Villager (Male) |
| 7:27 | Build | Lumber Camp |
| 7:52 | Build | Dock |
| 7:54 | Create | Villager (Male) |
| 8:07 | Research | Loom |
| 8:44 | Research | Feudal Age |
| 8:45 | Research | Feudal Age |
| 8:45 | Research | Feudal Age |
| 8:48 | Build | Mining Camp |
| 9:00 | Create | Fishing Ship |
| 9:17 | Create | Fishing Ship |
| 9:41 | Build | House |
| 9:42 | Build | House |
| 10:11 | Create | Villager (Male) |
| 10:37 | Create | Villager (Male) |
| 10:54 | Age | Feudal Age |
| 10:56 | Build | Dock |
| 10:59 | Create | Unit 2626 |
| 10:59 | Create | Unit 2626 |
| 11:16 | Build | Palisade Wall |
| 11:22 | Research | Double-Bit Axe |
| 11:25 | Create | Villager (Male) |
| 11:49 | Create | Unit 2626 |
| 11:49 | Create | Unit 2626 |
| 11:52 | Create | Villager (Male) |
| 11:54 | Build | House |
| 12:04 | Build | Palisade Wall |
| 12:10 | Create | Villager (Male) |
| 12:12 | Build | Market |
| 12:29 | Create | Villager (Male) |
| 12:31 | Create | Unit 2626 |
| 12:33 | Create | Villager (Male) |
| 13:20 | Create | Unit 2626 |
| 13:20 | Create | Unit 2626 |
| 13:35 | Create | Villager (Male) |
| 13:36 | Build | Blacksmith |
| 13:56 | Create | Villager (Male) |
| 14:07 | Create | Fishing Ship |
| 14:17 | Research | Castle Age |
| 14:17 | Research | Castle Age |
| 14:17 | Research | Castle Age |
| 14:18 | Research | Castle Age |
| 14:19 | Build | House |
| 14:32 | Create | Unit 2626 |
| 14:32 | Create | Unit 2626 |
| 14:35 | Create | Villager (Male) |
| 14:37 | Build | House |
| 15:19 | Research | Gold Mining |
| 15:19 | Research | Horse Collar |
| 15:29 | Build | House |
| 16:10 | Build | House |
| 16:19 | Create | Villager (Male) |
| 16:27 | Research | Forging |
| 16:57 | Age | Castle Age |
| 17:01 | Research | War Galley (upgrade) |
| 17:02 | Create | Villager (Male) |
| 17:02 | Create | Villager (Male) |
| 17:11 | Create | Villager (Male) |
| 17:17 | Build | Town Center |
| 17:38 | Research | Bow Saw |
| 17:56 | Build | Town Center |
| 18:16 | Create | Galley |
| 18:16 | Create | Galley |
| 18:16 | Create | Galley |
| 18:26 | Create | Galley |
| 18:28 | Research | Fletching |
| 18:28 | Research | Fletching |
| 18:52 | Create | Galley |
| 18:53 | Create | Galley |
| 19:24 | Create | Galley |
| 19:24 | Create | Galley |
| 19:24 | Create | Galley |
| 19:25 | Research | Bodkin Arrow |
| 19:26 | Research | Bodkin Arrow |
| 19:27 | Create | Villager (Male) |
| 19:27 | Create | Villager (Male) |
| 19:27 | Create | Villager (Male) |
| 19:28 | Build | Farm |
| 19:31 | Build | Farm |
| 19:36 | Create | Fishing Ship |
| 19:36 | Create | Fishing Ship |
| 19:50 | Create | Villager (Male) |
| 19:50 | Create | Villager (Male) |
| 20:16 | Create | Villager (Male) |
| 20:16 | Create | Villager (Male) |
| 20:19 | Build | Farm |
| 20:19 | Build | Farm |
| 20:19 | Build | Farm |
| 20:19 | Build | Farm |
| 20:19 | Build | Farm |
| 20:40 | Create | Galley ×2 |
| 20:40 | Create | Galley ×2 |
| 20:44 | Create | Villager (Male) |
| 20:45 | Create | Villager (Male) |
| 21:06 | Create | Villager (Male) |
| 21:06 | Create | Villager (Male) |
| 21:09 | Build | Farm |
| 21:10 | Build | Farm |
| 21:10 | Build | Farm |
| 21:43 | Research | Wheelbarrow |
| 21:49 | Create | Galley ×4 |
| 21:52 | Create | Villager (Male) |
| 21:52 | Create | Villager (Male) |
| 21:52 | Create | Villager (Male) |
| 21:52 | Create | Villager (Male) |
| 21:53 | Create | Villager (Male) |
| 21:53 | Create | Villager (Male) |
| 21:57 | Build | House |
| 21:58 | Build | House |
| 21:58 | Build | House |
| 21:59 | Build | House |
| 22:20 | Build | House |
| 22:22 | Build | Palisade Wall |
| 22:33 | Build | House |
| 22:36 | Build | Palisade Wall |
| 22:40 | Build | House |
| 22:43 | Build | House |
| 22:50 | Build | Palisade Wall |
Build order — Spank~
138 actions detected in the replay
| 0:06 | Build | House |
| 0:07 | Build | House |
| 1:02 | Build | Dock |
| 1:45 | Build | Town Center |
| 2:37 | Create | Villager (Male) |
| 2:37 | Create | Villager (Male) |
| 3:04 | Create | Villager (Male) |
| 3:04 | Create | Villager (Male) |
| 3:20 | Create | Fishing Ship |
| 3:20 | Create | Fishing Ship |
| 4:00 | Create | Fishing Ship |
| 4:02 | Create | Villager (Male) |
| 4:02 | Create | Villager (Male) |
| 4:08 | Build | House |
| 4:14 | Build | House |
| 4:16 | Create | Villager (Male) |
| 4:17 | Create | Villager (Male) |
| 4:34 | Create | Fishing Ship |
| 4:35 | Create | Fishing Ship |
| 4:45 | Create | Villager (Male) |
| 4:56 | Create | Villager (Male) |
| 5:20 | Create | Fishing Ship |
| 5:27 | Create | Villager (Male) |
| 5:31 | Create | Villager (Male) |
| 6:00 | Build | Mill |
| 6:24 | Create | Fishing Ship |
| 6:28 | Create | Villager (Male) |
| 6:49 | Create | Villager (Male) |
| 7:03 | Build | Mining Camp |
| 7:16 | Build | House |
| 7:21 | Create | Villager (Male) |
| 7:35 | Build | House |
| 7:45 | Build | Palisade Wall |
| 7:59 | Create | Villager (Male) |
| 8:01 | Create | Fishing Ship |
| 8:27 | Research | Feudal Age |
| 8:27 | Research | Feudal Age |
| 8:38 | Build | Dock |
| 8:53 | Build | House |
| 10:04 | Build | Dock |
| 10:28 | Build | Dock |
| 10:37 | Age | Feudal Age |
| 10:39 | Create | Unit 2626 |
| 10:41 | Create | Unit 2626 |
| 10:44 | Create | Villager (Male) |
| 10:45 | Create | Villager (Male) |
| 10:49 | Research | Double-Bit Axe |
| 10:49 | Research | Double-Bit Axe |
| 11:02 | Build | Market |
| 11:12 | Create | Unit 2626 |
| 11:16 | Create | Villager (Male) |
| 11:22 | Create | Unit 2626 |
| 11:31 | Create | Unit 2626 |
| 11:37 | Research | Loom |
| 11:37 | Research | Loom |
| 11:49 | Create | Unit 2626 |
| 11:53 | Create | Unit 2626 |
| 12:14 | Create | Unit 2626 |
| 12:19 | Create | Villager (Male) |
| 12:19 | Create | Villager (Male) |
| 12:28 | Create | Unit 2626 |
| 13:00 | Build | Blacksmith |
| 13:07 | Create | Villager (Male) |
| 13:09 | Create | Galley |
| 13:15 | Build | House |
| 13:17 | Research | Town Watch |
| 13:17 | Research | Town Watch |
| 13:52 | Create | Villager (Male) |
| 13:56 | Build | House |
| 14:07 | Create | Galley |
| 14:08 | Create | Galley |
| 14:08 | Create | Galley |
| 14:21 | Create | Villager (Male) |
| 14:39 | Build | House |
| 15:14 | Research | Castle Age |
| 15:15 | Research | Castle Age |
| 15:19 | Build | House |
| 15:28 | Create | Galley |
| 15:41 | Create | Galley |
| 15:45 | Create | Unit 2626 |
| 15:50 | Build | Dock |
| 15:54 | Create | Galley |
| 16:01 | Create | Galley |
| 16:04 | Create | Unit 2626 |
| 16:21 | Build | House |
| 16:22 | Research | Gold Mining |
| 16:22 | Research | Gold Mining |
| 16:46 | Create | Galley |
| 16:53 | Build | Palisade Wall |
| 16:56 | Create | Galley |
| 16:57 | Create | Galley |
| 16:57 | Create | Unit 2626 |
| 17:18 | Research | Fletching |
| 17:18 | Research | Fletching |
| 17:31 | Create | Galley |
| 17:34 | Research | Tech 906 |
| 17:34 | Research | Tech 906 |
| 17:40 | Create | Galley |
| 17:53 | Create | Villager (Male) |
| 17:54 | Age | Castle Age |
| 17:58 | Research | War Galley (upgrade) |
| 17:58 | Research | War Galley (upgrade) |
| 18:14 | Create | Galley |
| 18:22 | Create | Villager (Male) |
| 18:30 | Create | Fishing Ship |
| 18:43 | Build | Lumber Camp |
| 19:34 | Research | Bodkin Arrow |
| 19:34 | Research | Bodkin Arrow |
| 19:35 | Create | Villager (Male) |
| 19:35 | Create | Villager (Male) |
| 19:40 | Build | Town Center |
| 19:58 | Create | Galley |
| 20:01 | Create | Villager (Male) |
| 20:20 | Create | Galley |
| 20:45 | Create | Galley |
| 20:47 | Create | Villager (Male) |
| 20:50 | Create | Fishing Ship |
| 20:50 | Create | Fishing Ship |
| 20:55 | Create | Villager (Male) |
| 20:55 | Create | Villager (Male) |
| 21:05 | Create | Galley |
| 21:19 | Create | Villager (Male) |
| 21:32 | Create | Galley |
| 21:39 | Create | Villager (Male) |
| 21:40 | Create | Villager (Male) |
| 21:49 | Build | Dock |
| 21:54 | Create | Villager (Male) |
| 21:57 | Build | University |
| 21:59 | Create | Villager (Male) |
| 22:11 | Build | Mining Camp |
| 22:18 | Create | Galley |
| 22:18 | Create | Galley |
| 22:19 | Create | Galley |
| 22:19 | Create | Galley |
| 22:32 | Build | Dock |
| 22:33 | Create | Galley |
| 22:40 | Create | Villager (Male) |
| 22:41 | Create | Villager (Male) |
Build order — hK | AnubiS
108 actions detected in the replay
| 0:18 | Build | Dock |
| 1:57 | Build | Town Center |
| 2:22 | Create | Fishing Ship |
| 2:26 | Build | House |
| 2:56 | Create | Fishing Ship |
| 2:56 | Create | Fishing Ship |
| 2:59 | Create | Villager (Male) |
| 2:59 | Create | Villager (Male) |
| 3:00 | Create | Villager (Male) |
| 3:33 | Create | Fishing Ship |
| 3:45 | Research | Loom |
| 4:19 | Build | Palisade Gate |
| 4:24 | Build | Palisade Gate |
| 4:42 | Build | Lumber Camp |
| 4:48 | Create | Villager (Male) |
| 4:48 | Create | Villager (Male) |
| 4:48 | Create | Villager (Male) |
| 4:54 | Build | House |
| 5:16 | Create | Villager (Male) |
| 5:16 | Create | Villager (Male) |
| 5:36 | Create | Villager (Male) |
| 5:36 | Create | Villager (Male) |
| 5:37 | Create | Fishing Ship |
| 5:37 | Create | Fishing Ship |
| 5:55 | Build | House |
| 6:00 | Create | Fishing Ship |
| 6:20 | Create | Fishing Ship |
| 6:41 | Create | Villager (Male) |
| 7:02 | Create | Fishing Ship |
| 7:40 | Build | House |
| 7:46 | Create | Villager (Male) |
| 8:09 | Create | Villager (Male) |
| 8:20 | Build | Mill |
| 8:29 | Create | Fishing Ship |
| 9:08 | Research | Feudal Age |
| 9:48 | Build | Barracks |
| 10:14 | Create | Villager (Male) |
| 10:23 | Build | House |
| 10:55 | Create | Villager (Male) |
| 11:18 | Age | Feudal Age |
| 11:20 | Build | Stable |
| 11:20 | Create | Villager (Male) |
| 11:27 | Build | Lumber Camp |
| 11:47 | Build | Mill |
| 11:50 | Create | Villager (Male) |
| 11:54 | Create | Scout Cavalry |
| 12:00 | Create | Scout Cavalry |
| 12:05 | Create | Villager (Male) |
| 12:12 | Create | Villager (Male) |
| 12:25 | Create | Villager (Male) |
| 12:29 | Build | House |
| 12:46 | Build | Blacksmith |
| 12:48 | Create | Scout Cavalry |
| 12:49 | Create | Villager (Male) |
| 12:52 | Research | Double-Bit Axe |
| 13:03 | Create | Scout Cavalry |
| 13:07 | Create | Scout Cavalry |
| 13:11 | Create | Villager (Male) |
| 13:24 | Create | Scout Cavalry |
| 13:27 | Create | Villager (Male) |
| 13:31 | Build | House |
| 13:50 | Research | Forging |
| 13:57 | Create | Scout Cavalry |
| 14:13 | Create | Villager (Male) |
| 14:24 | Create | Villager (Male) |
| 14:30 | Build | Dock |
| 14:53 | Create | Villager (Male) |
| 14:56 | Research | Horse Collar |
| 15:06 | Create | Villager (Male) |
| 15:48 | Create | Villager (Male) |
| 15:55 | Build | Mill |
| 15:56 | Build | Farm |
| 15:56 | Build | Farm |
| 15:57 | Build | Farm |
| 15:57 | Build | Farm |
| 15:57 | Build | Farm |
| 16:15 | Create | Villager (Male) |
| 16:21 | Create | Villager (Male) |
| 16:37 | Build | Farm |
| 16:38 | Build | Farm |
| 16:39 | Build | Farm |
| 16:47 | Build | Outpost |
| 17:38 | Build | Building 490 |
| 18:03 | Build | Palisade Gate |
| 18:06 | Build | Palisade Wall |
| 18:08 | Build | Palisade Wall |
| 18:19 | Build | Mining Camp |
| 18:24 | Research | Castle Age |
| 18:24 | Research | Castle Age |
| 18:24 | Research | Castle Age |
| 18:39 | Create | Scout Cavalry |
| 18:51 | Create | Villager (Male) |
| 19:01 | Build | Market |
| 19:24 | Research | Fletching |
| 19:32 | Build | Watch Tower |
| 20:07 | Build | Stone Wall |
| 21:04 | Age | Castle Age |
| 21:07 | Build | Town Center |
| 21:56 | Build | House |
| 21:59 | Create | Villager (Male) |
| 21:59 | Create | Villager (Male) |
| 21:59 | Create | Villager (Male) |
| 22:03 | Research | Man-at-Arms (upgrade) |
| 22:07 | Build | Palisade Wall |
| 22:13 | Build | Archery Range |
| 22:17 | Build | Stone Wall |
| 22:23 | Build | Mining Camp |
| 22:59 | Build | Castle |
Build order — [KOF] Raychu
121 actions detected in the replay
| 0:16 | Build | Dock |
| 1:00 | Build | House |
| 1:01 | Build | House |
| 2:17 | Create | Fishing Ship |
| 2:19 | Create | Fishing Ship |
| 3:06 | Build | Town Center |
| 3:27 | Create | Fishing Ship |
| 3:47 | Create | Fishing Ship |
| 4:08 | Create | Villager (Male) ×5 |
| 4:49 | Create | Fishing Ship |
| 5:20 | Build | House |
| 5:28 | Build | House |
| 5:30 | Build | Palisade Wall |
| 5:32 | Create | Villager (Male) |
| 5:39 | Create | Fishing Ship |
| 6:09 | Create | Villager (Male) |
| 6:19 | Create | Fishing Ship |
| 6:21 | Create | Villager (Male) |
| 6:43 | Research | Loom |
| 7:06 | Create | Villager (Male) |
| 7:38 | Research | Feudal Age |
| 7:38 | Research | Feudal Age |
| 8:16 | Build | Dock |
| 8:44 | Build | Lumber Camp |
| 9:01 | Create | Villager (Male) |
| 9:25 | Build | House |
| 9:52 | Create | Villager (Male) |
| 9:58 | Age | Feudal Age |
| 10:02 | Research | Double-Bit Axe |
| 10:08 | Build | Blacksmith |
| 10:10 | Create | Villager (Male) |
| 10:20 | Build | Mill |
| 10:22 | Create | Villager (Male) |
| 10:44 | Build | Stone Wall |
| 11:00 | Create | Villager (Male) |
| 11:13 | Create | Villager (Male) |
| 11:16 | Build | Mining Camp |
| 11:28 | Build | Stone Wall |
| 11:32 | Create | Villager (Male) |
| 11:48 | Create | Unit 2626 |
| 11:53 | Create | Villager (Male) |
| 11:53 | Create | Villager (Male) |
| 12:03 | Create | Villager (Male) |
| 12:15 | Build | Market |
| 12:19 | Create | Villager (Male) |
| 12:28 | Create | Villager (Male) |
| 12:41 | Build | House |
| 12:42 | Create | Villager (Male) |
| 12:45 | Build | Farm |
| 12:49 | Build | Farm |
| 13:05 | Build | House |
| 13:12 | Create | Fishing Ship |
| 13:35 | Build | Farm |
| 13:37 | Build | Farm |
| 13:45 | Build | Stone Wall |
| 13:46 | Build | Stone Wall |
| 13:57 | Create | Villager (Male) |
| 14:00 | Build | Farm |
| 14:08 | Create | Villager (Male) |
| 14:13 | Build | House |
| 14:18 | Build | Stone Wall |
| 14:19 | Create | Villager (Male) |
| 14:20 | Build | Farm |
| 14:31 | Build | Farm |
| 14:53 | Build | Palisade Wall |
| 14:54 | Build | Palisade Wall |
| 14:55 | Build | Palisade Wall |
| 15:02 | Build | Palisade Wall |
| 15:03 | Build | Palisade Wall |
| 15:04 | Create | Villager (Male) ×3 |
| 15:10 | Create | Fishing Ship |
| 15:18 | Build | Palisade Wall |
| 15:39 | Create | Fishing Ship |
| 15:42 | Create | Villager (Male) |
| 15:57 | Build | Farm |
| 16:07 | Build | Farm |
| 16:10 | Build | Outpost |
| 16:34 | Build | Mill |
| 16:35 | Create | Villager (Male) |
| 16:44 | Build | House |
| 17:16 | Research | Town Watch |
| 17:16 | Research | Town Watch |
| 17:16 | Research | Town Watch |
| 17:16 | Research | Town Watch |
| 17:22 | Build | House |
| 17:26 | Build | House |
| 17:27 | Build | House |
| 17:39 | Build | Farm |
| 17:42 | Build | Farm |
| 17:47 | Build | Outpost |
| 17:50 | Build | Outpost |
| 17:53 | Build | Outpost |
| 17:57 | Create | Villager (Male) |
| 18:15 | Create | Fishing Ship |
| 18:20 | Research | Castle Age |
| 18:20 | Research | Castle Age |
| 18:20 | Research | Castle Age |
| 18:55 | Research | Gold Mining |
| 18:56 | Research | Stone Mining |
| 18:58 | Research | Stone Mining |
| 18:58 | Research | Stone Mining |
| 18:59 | Research | Stone Mining |
| 19:13 | Build | Stone Wall |
| 19:24 | Build | Stone Wall |
| 20:32 | Create | Villager (Male) |
| 21:02 | Age | Castle Age |
| 21:03 | Build | Castle |
| 21:15 | Build | Palisade Wall |
| 21:22 | Research | Bow Saw |
| 21:24 | Create | Villager (Male) |
| 21:25 | Create | Villager (Male) |
| 21:25 | Create | Villager (Male) |
| 21:27 | Research | Horse Collar |
| 22:01 | Create | Organ Gun |
| 22:01 | Create | Organ Gun |
| 22:02 | Create | Organ Gun |
| 22:08 | Create | Villager (Male) |
| 22:10 | Build | House |
| 22:11 | Build | House |
| 22:13 | Build | House |
| 22:33 | Create | Villager (Male) |
Match timeline
| 0:09 | [KOF] alexisosunag · first_building Dock |
| 0:16 | [KOF] Raychu · first_building Dock |
| 0:18 | hK | AnubiS · first_building Dock |
| 0:25 | YouAreNotAlone_ · first_building Dock |
| 0:25 | Lolokoil · first_building Dock |
| 1:02 | Spank~ · first_building Dock |
| 1:04 | 2KM1 · first_building Dock |
| 1:49 | Puerco_Black · first_building Dock |
| 3:10 | Lolokoil · wall_segment Palisade Wall x1 |
| 3:11 | Lolokoil · wall_segment Palisade Wall x1 |
| 3:13 | Lolokoil · wall_segment Palisade Wall x1 |
| 3:14 | Lolokoil · wall_segment Palisade Wall x1 |
| 3:15 | Lolokoil · wall_segment Palisade Wall x1 |
| 3:17 | Lolokoil · wall_segment Palisade Wall x1 |
| 3:18 | Lolokoil · wall_segment Palisade Wall x1 |
| 3:58 | Lolokoil · wall_segment Palisade Wall x1 |
| 5:30 | [KOF] Raychu · wall_segment Palisade Wall x2 |
| 6:38 | 2KM1 · wall_segment Palisade Wall x1 |
| 7:45 | Spank~ · wall_segment Palisade Wall x1 |
| 8:43 | YouAreNotAlone_ · wall_segment Palisade Wall x5 |
| 9:01 | YouAreNotAlone_ · age_up feudal |
| 9:39 | YouAreNotAlone_ · wall_segment Palisade Wall x1 |
| 9:47 | YouAreNotAlone_ · wall_segment Palisade Wall x10 |
| 9:48 | hK | AnubiS · first_building Barracks |
| 9:58 | [KOF] Raychu · age_up feudal |
| 10:15 | Puerco_Black · age_up feudal |
| 10:37 | Spank~ · age_up feudal |
| 10:38 | Lolokoil · wall_segment Palisade Wall x8 |
| 10:44 | [KOF] Raychu · wall_segment Stone Wall x7 |
| 10:54 | [KOF] alexisosunag · age_up feudal |
| 10:58 | 2KM1 · first_building Barracks |
| 11:02 | Lolokoil · wall_segment Palisade Wall x1 |
| 11:03 | 2KM1 · wall_segment Palisade Wall x1 |
| 11:16 | [KOF] alexisosunag · wall_segment Palisade Wall x1 |
| 11:18 | hK | AnubiS · age_up feudal |
| 11:20 | hK | AnubiS · first_building Stable |
| 11:28 | [KOF] Raychu · wall_segment Stone Wall x9 |
| 12:04 | [KOF] alexisosunag · wall_segment Palisade Wall x1 |
| 12:18 | Lolokoil · age_up feudal |
| 12:20 | 2KM1 · age_up feudal |
| 13:24 | 2KM1 · wall_segment Palisade Wall x1 |
| 13:34 | Lolokoil · wall_segment Palisade Wall x7 |
| 13:45 | [KOF] Raychu · wall_segment Stone Wall x1 |
| 13:46 | [KOF] Raychu · wall_segment Stone Wall x1 |
| 13:49 | Lolokoil · wall_segment Palisade Wall x4 |
| 14:18 | [KOF] Raychu · wall_segment Stone Wall x1 |
| 14:24 | 2KM1 · wall_segment Palisade Wall x11 |
| 14:42 | Spank~ · first_market_sell 100 wood |
| 14:43 | Spank~ · first_market_buy 100 food |
| 14:47 | Lolokoil · wall_segment Palisade Wall x2 |
| 14:50 | Lolokoil · wall_segment Palisade Wall x3 |
| 14:53 | [KOF] Raychu · wall_segment Palisade Wall x1 |
| 14:54 | [KOF] Raychu · wall_segment Palisade Wall x1 |
| 14:55 | Lolokoil · first_building Barracks |
| 14:55 | [KOF] Raychu · wall_segment Palisade Wall x1 |
| 15:02 | [KOF] Raychu · wall_segment Palisade Wall x3 |
| 15:03 | [KOF] Raychu · wall_segment Palisade Wall x5 |
| 15:18 | [KOF] Raychu · wall_segment Palisade Wall x9 |
| 15:22 | [KOF] Raychu · first_market_buy 100 food |
| 15:27 | 2KM1 · wall_segment Palisade Wall x2 |
| 15:29 | Lolokoil · wall_segment Palisade Wall x1 |
| 15:30 | 2KM1 · wall_segment Stone Wall x10 |
| 15:30 | Lolokoil · wall_segment Palisade Wall x1 |
| 15:32 | Lolokoil · wall_segment Palisade Wall x1 |
| 15:42 | 2KM1 · wall_segment Stone Wall x10 |
| 15:46 | Lolokoil · wall_segment Palisade Wall x1 |
| 15:52 | Lolokoil · wall_segment Palisade Wall x1 |
| 15:53 | Lolokoil · wall_segment Palisade Wall x1 |
| 15:57 | 2KM1 · age_up castle |
| 15:58 | Lolokoil · age_up castle |
| 16:22 | Lolokoil · first_market_sell 100 food |
| 16:23 | Lolokoil · first_market_buy 100 stone |
| 16:43 | Lolokoil · first_building Castle |
| 16:53 | Spank~ · wall_segment Palisade Wall x1 |
| 16:57 | [KOF] alexisosunag · age_up castle |
| 17:14 | Puerco_Black · first_market_buy 100 food |
| 17:54 | Spank~ · age_up castle |
| 18:06 | hK | AnubiS · wall_segment Palisade Wall x1 |
| 18:08 | hK | AnubiS · wall_segment Palisade Wall x1 |
| 18:19 | Lolokoil · first_building Siege Workshop |
| 18:19 | Lolokoil · wall_segment Palisade Wall x1 |
| 18:21 | Lolokoil · wall_segment Palisade Wall x1 |
| 18:22 | Lolokoil · wall_segment Palisade Wall x1 |
| 18:58 | YouAreNotAlone_ · age_up castle |
| 18:59 | Puerco_Black · age_up castle |
| 19:13 | [KOF] Raychu · wall_segment Stone Wall x9 |
| 19:24 | [KOF] Raychu · wall_segment Stone Wall x7 |
| 20:03 | hK | AnubiS · first_market_sell 100 food |
| 20:04 | hK | AnubiS · first_market_buy 100 stone |
| 20:07 | hK | AnubiS · wall_segment Stone Wall x5 |
| 20:17 | Puerco_Black · wall_segment Palisade Wall x1 |
| 20:34 | Lolokoil · wall_segment Palisade Wall x1 |
| 20:37 | Lolokoil · wall_segment Palisade Wall x1 |
| 20:39 | Lolokoil · wall_segment Palisade Wall x1 |
| 20:43 | Lolokoil · wall_segment Palisade Wall x1 |
| 20:44 | Lolokoil · wall_segment Palisade Wall x1 |
| 21:02 | [KOF] Raychu · age_up castle |
| 21:03 | [KOF] Raychu · first_building Castle |
| 21:04 | hK | AnubiS · age_up castle |
| 21:15 | [KOF] Raychu · wall_segment Palisade Wall x1 |
| 21:43 | [KOF] Raychu · first_market_sell 100 wood |
| 22:07 | hK | AnubiS · wall_segment Palisade Wall x1 |
| 22:13 | hK | AnubiS · first_building Archery Range |
| 22:17 | hK | AnubiS · wall_segment Stone Wall x1 |
| 22:22 | [KOF] alexisosunag · wall_segment Palisade Wall x5 |
| 22:36 | [KOF] alexisosunag · wall_segment Palisade Wall x1 |
| 22:36 | Puerco_Black · resign |
| 22:50 | [KOF] alexisosunag · wall_segment Palisade Wall x1 |
| 22:59 | hK | AnubiS · first_building Castle |
[ AI ANALYSIS · 1 CREDIT ]
What really happened in this match?
Wolo.gg analyzes every decision: build order, eco, micro, common mistakes by bracket. Personalized analysis on WhatsApp or Discord in 30 seconds.
Civ guide
Wu
Perfil
Jugador #229488